 Dungeon Crawl Stone Soup version 0.23.0-3-gf3c87f2df8 (webtiles) character file.

Game seed: 15559619711910246428

143 Jukra the Slinger (level 5, -2/35 HPs)
             Began as a Halfling Hunter on Feb 24, 2019.
             Slain by an orc
             ... wielding a +0 short sword
              (4 damage)
             ... on level 3 of the Dungeon.
             The game lasted 00:08:15 (2219 turns).

Jukra the Slinger (Halfling Hunter)                 Turns: 2219, Time: 00:08:16

Health: -2/35      AC:  6    Str: 13    XL:     5   Next: 50%
Magic:  5/5        EV: 13    Int:  9    God:
Gold:   156        SH:  0    Dex: 16    Spells: 4/4 levels left

rFire    . . .     SeeInvis .   a - +1 hunting sling
rCold    + . .     Gourm    .   (shield restricted)
rNeg     . . .     Faith    .   e - +0 ring mail
rPois    .         Spirit   .   g - +0 helmet
rElec    .         Reflect  .   p - scarf {repulsion}
rCorr    .         Harm     .   (no gloves)
MR       .....                  (no boots)
Stlth    +.........             (no amulet)
HPRegen  0.11/turn              o - ring of protection from cold
MPRegen  0.09/turn              (no ring)

@: repel missiles
A: small, mutation resistance 1
a: no special abilities


You were on level 3 of the Dungeon.
You were hungry.

You visited 1 branch of the dungeon, and saw 3 of its levels.

You collected 156 gold pieces.

Inventory:

Hand Weapons
 a - a +1 hunting sling (weapon)
 b - a +0 short sword
Missiles
 d - 2 sling bullets (quivered)
 n - 109 stones
Armour
 c - a +0 leather armour
 e - a +0 ring mail (worn)
 g - a +0 helmet (worn)
 l - a +0 cloak
 p - a scarf of repulsion (worn)
Jewellery
 o - a ring of protection from cold (left hand)
Wands
 u - a wand of random effects (14)
Scrolls
 i - a scroll of fog {unknown}
 m - 2 scrolls of enchant weapon {unknown}
 s - a scroll of identify {unknown}
 t - a scroll of magic mapping {unknown}
Potions
 h - 2 potions of degeneration {unknown}
 j - 2 potions of brilliance {unknown}
 k - a potion of invisibility {unknown}
 q - a potion of resistance
 r - 4 potions of curing {unknown}
Comestibles
 f - 3 rations


   Skills:
 + Level 2.4 Fighting
 + Level 8.4 Slings
 + Level 1.0 Armour
 + Level 2.3 Dodging
 + Level 1.6 Stealth


You had 4 spell levels left.
You didn't know any spells.
Your spell library was empty.

Dungeon Overview and Level Annotations

Branches:
Dungeon (3/15)

Altars:
Beogh


Innate Abilities, Weirdness & Mutations

You are small and have problems with some larger weapons.
You are somewhat resistant to further mutation.


Message History

The orc closely misses you.
Firing (i - inventory. (/) - cycle)
d - 5 sling bullets (quivered)
Press: ? - help, Shift-Dir - straight line, f/p - orc
Aim: an orc, wielding a +0 short sword and wearing a +0 leather armour (lightly wounded)
You shoot a sling bullet. The sling bullet barely misses the orc.
The orc priest barely misses you. The orc hits you with a +0 short sword.
* * * LOW HITPOINT WARNING * * *
Firing (i - inventory. (/) - cycle)
d - 4 sling bullets (quivered)
Press: ? - help, Shift-Dir - straight line, f/p - orc
Aim: an orc, wielding a +0 short sword and wearing a +0 leather armour (lightly wounded)
You shoot a sling bullet. The sling bullet hits the orc.
The orc is moderately wounded.
The orc priest hits you but does no damage.
Firing (i - inventory. (/) - cycle)
d - 3 sling bullets (quivered)
Press: ? - help, Shift-Dir - straight line, f/p - orc
Aim: an orc, wielding a +0 short sword and wearing a +0 leather armour (moderately wounded)
You shoot a sling bullet. The sling bullet hits the orc.
The orc is heavily wounded.
The orc hits you with a +0 short sword.
You die...

†.....# #.######
......# ##.......
......# #.....#
......#####.....#
..........†..†<.#
.>..............##
......#########..#
......# ##.#
####### #@#
#_$(..oo#
#$8(8(### ##.$(#
####


You could see an orc priest and an orc.

Vanquished Creatures
  3 gnolls (D:2)
  3 adders
  An ooze (D:1)
  A dart slug (D:1)
  4 leopard geckos
  5 orcs
  A giant cockroach (D:3)
  3 hobgoblins
  10 jackals
  8 kobolds
  3 quokkas (D:3)
  A ball python (D:1)
  10 bats
  9 frilled lizards
  6 goblins
  5 rats
73 creatures vanquished.

Notes
Turn   | Place    | Note
-------+----------+-------------------------------------------
     0 | D:1      | Jukra the Halfling Hunter began the quest for the Orb.
     0 | D:1      | Reached XP level 1. HP: 14/14 MP: 1/1
    26 | D:1      | Reached skill level 6 in Slings
    28 | D:1      | Reached XP level 2. HP: 15/19 MP: 2/2
   247 | D:1      | Reached XP level 3. HP: 24/24 MP: 3/3
   386 | D:1      | Reached skill level 7 in Slings
   857 | D:2      | Reached XP level 4. HP: 22/29 MP: 4/4
  1537 | D:2      | Reached skill level 1 in Armour
  1537 | D:2      | Reached XP level 5. HP: 34/34 MP: 5/5
  1541 | D:2      | Reached skill level 8 in Slings
  2194 | D:3      | Found a roughly hewn altar of Beogh.
  2219 | D:3      | Slain by an orc

Skill      XL: |  1  2  3  4  5 |
---------------+----------------+-----
Slings         | 6 7 8 |  8.4
Fighting       | 2 |  2.4
Armour         | 1 |  1.0
Dodging        | |  2.3
Stealth        | |  1.6

Action                   |  1- 3 |  4- 6 || total
-------------------------+-------+-------++-------
 Fire: Hunting sling     |    89 |   103 ||   192
  Use: Scroll            |     1 |       ||     1
  Eat: Chunk             |       |     3 ||     3
Armor: Leather armour    |     2 |       ||     2
       Ring mail         |     9 |     7 ||    16
Dodge: Dodged            |    28 |    21 ||    49
